 Dungeon Crawl Stone Soup version 0.20.1-1-g8b1a95d (webtiles) character file.

5314 Folque the Destroyer (level 10, -2/63 HPs)
             Began as an Octopode Wizard on Dec 2, 2017.
             Was a Priest of Sif Muna.
             Slain by a porcupine (12 damage)
             ... on level 9 of the Dungeon on Dec 3, 2017.
             The game lasted 00:51:35 (10824 turns).

Folque the Destroyer (Octopode Wizard)             Turns: 10824, Time: 00:51:41

Health: -2/63      AC:  2    Str:  7    XL:     10   Next: 64%
Magic:  8/22       EV: 13    Int: 26    God:    Sif Muna [***...]
Gold:   612        SH:  0    Dex: 11    Spells: 11/25 levels left

rFire    . . .     SeeInvis .   M - +2 war axe (venom)
rCold    . . .     Gourm    .   (no shield)
rNeg     . . .     Faith    .   a - +1 hat
rPois    .         Spirit   .   m - amulet of regeneration
rElec    .         Reflect  .   J - +3 ring of intelligence
rCorr    .         Harm     .   (no ring)
MR       .....                  (no ring)
Stlth    +++.......             (no ring)
Regen    0.6/turn               (no ring)
MPRegen  0.2/turn               (no ring)
                                (no ring)
                                (no ring)

@: drained
A: almost no armour, stealthy swim, amphibious, 8 rings, constrict 8, camouflage
1, gelatinous body 1
a: Divine Energy, Channel Magic, Renounce Religion


You were on level 9 of the Dungeon.
You worshipped Sif Muna.
Sif Muna was most pleased with you.
You were hungry.

You visited 2 branches of the dungeon, and saw 10 of its levels.
You also visited: Ossuary.

You collected 612 gold pieces.

Inventory:

Hand Weapons
 i - a +2 dagger of speed
 o - a +3 hand axe of chopping
 F - a +0 long sword
 K - a +0 hand axe
 M - a +2 war axe of venom (weapon)
 Q - a +2 scimitar of slicing
 R - a cursed +4 morningstar
Missiles
 H - a throwing net (quivered)
Armour
 a - a +1 hat (worn)
Jewellery
 m - an amulet of regeneration (around mantle)
 D - an uncursed ring of stealth {unknown}
 J - a +3 ring of intelligence (left tentacle)
Wands
 E - a wand of lightning (2/15)
 O - a wand of random effects (25/48)
Scrolls
 f - a scroll of immolation
 n - 2 scrolls of recharging
 p - 3 scrolls of teleportation
 u - 3 scrolls of magic mapping {unknown}
 y - 3 scrolls of remove curse
 A - a scroll of fog {unknown}
 B - a scroll of summoning {unknown}
 I - 2 scrolls of identify
Potions
 d - 2 potions of degeneration {unknown}
 e - a potion of ambrosia {unknown}
 g - 3 potions of curing
 h - 3 potions of heal wounds {unknown}
 j - 2 potions of brilliance {unknown}
 k - a potion of cancellation {unknown}
 l - 4 potions of resistance
 q - a potion of lignification {unknown}
 r - a potion of invisibility {unknown}
 t - a potion of haste {unknown}
 v - a potion of might {unknown}
 w - a potion of mutation {unknown}
 x - 2 potions of agility {unknown}
 C - a potion of magic {unknown}
 L - 2 potions of flight {unknown}
Books
 b - a book of Minor Magic

   Spells                             Type                      Level
   a - Magic Dart                     Conjuration                  1
   b - Blink                          Translocation                2
   c - Call Imp                       Summoning                    2
   d - Slow                           Hexes                        2
   e - Conjure Flame                  Conjuration/Fire             3
   f - Mephitic Cloud                 Conjuration/Poison/Air       3
 P - a book of Enchantments

   Spells                             Type                      Level
   a - Cause Fear                     Hexes                        4
   b - Yara's Violent Unravelling     Hexes/Transmutation          5
   c - Silence                        Hexes/Air                    5
   d - Deflect Missiles               Charms/Air                   6
   e - Discord                        Hexes                        8
Comestibles
 c - 7 bread rations
 s - 4 royal jellies
 z - 5 meat rations
 G - 5 fruits
 N - 2 chunks of flesh


   Skills:
 - Level 4.0(3.9) Fighting
 - Level 2.0(1.9) Dodging
 - Level 2.6 Stealth
 - Level 8.1 Spellcasting
 - Level 11.0 Conjurations
 * Level 1.5(1.4) Charms
 - Level 3.0(2.9) Summonings
 - Level 1.0(0.9) Translocations
 * Level 1.4(1.3) Air Magic
 - Level 3.2 Poison Magic
 - Level 3.0 Invocations


You had 11 spell levels left.
You knew the following spells:

 Your Spells              Type           Power        Failure   Level  Hunger
a - Magic Dart            Conj           ####         1%          1    None
b - Call Imp              Summ           ####....     2%          2    None
c - Blink                 Tloc           N/A          5%          2    None
d - Mephitic Cloud        Conj/Pois/Air  #####...     1%          3    None
e - Deflect Missiles      Chrm/Air       ###.......   99%         6    ######.


Dungeon Overview and Level Annotations

Branches:
Dungeon (9/15)             Temple (1/1) D:5
   Lair: D:8-11         Orc: D:9-12

Altars:
Ashenzari
Cheibriados
Dithmenos
Elyvilon
Fedhas
Gozag
Hepliaklqana
Kikubaaqudgha
Makhleb
Nemelex Xobeh
Okawaru
Qazlal
Ru
Sif Muna
Trog
Uskayaw
Vehumet
Xom
Yredelemnul
Zin
The Shining One

Shops:
D:4 (   D:9 %(


Innate Abilities, Weirdness & Mutations

You cannot wear most types of armour.
You are very stealthy in the water. (Stealth+)
You are amphibious.
You can wear up to eight rings at the same time.
You can use your tentacles to constrict eight enemies at once.
Your skin changes colour to match your surroundings (Stealth+).
Your rubbery body absorbs attacks. (AC +1, EV +1)


Message History

You kill the porcupine!
Sif Muna accepts your kill.
The porcupine twitches its whiskers.
The orc priest hits the bush but does no damage.
You closely miss the porcupine. The porcupine bites you.
Something closely misses your crimson imp.
The porcupine barely misses you.
Your crimson imp barely misses the porcupine.
You hit the porcupine.
The porcupine is poisoned.
The porcupine is moderately wounded.
The porcupine barely misses you.
Your crimson imp hits the porcupine.
Your crimson imp misses the porcupine.
The porcupine bites you!
A hippogriff comes into view.
You are struck by the porcupine's spines.
* * * LOW HITPOINT WARNING * * *
You closely miss the porcupine.
The porcupine is heavily wounded.
The orc priest hits the bush with a mace.
The porcupine bites you!
You die...

...# P.................... ...#
....H............$... ...#
.oPsP............... ...#####
#....P...........†l. z<.....#
#....o...........Y.Y ........#
#..................s
.........##.##...Y......##.######
..............5.Y†......
##..?..$......5r@.......
.........###.##........#
..).......##..#####.##..
##.....(...r...## .##
...c...55.5(.>..###...
#.....5.>..(......#
##.....#####(....## ##...##
#.(....## .######### ###(#.....


You could see a hippogriff, 2 yaks, an orc warrior (confused), a scorpion, a
porcupine, an orc priest (confused) and 2 friendly crimson imps.

Vanquished Creatures
  A two-headed ogre (D:6)
  Psyche (D:9)
  Grinder (D:6)
  A yak (D:9)
  Eustachio (D:5)
  4 hogs (D:7)
  A human (D:7)
  A water moccasin (D:8)
  A porcupine (D:9)
  An ice beast (D:5)
  2 orc warriors
  A black bear (D:9)
  4 sky beasts
  A necrophage (D:5)
  A centaur (D:6)
  2 crocodiles
  3 ogres
  2 bullfrogs (D:6)
  A wyvern zombie (D:6)
  3 scorpions
  3 wights (D:9)
  A vampire bat (D:3)
  A howler monkey (D:3)
  A crimson imp (D:7)
  A jelly (D:8)
  4 orc priests
  3 hounds
  A centaur skeleton (D:7)
  Natasha (thrice) (D:4)
  An iguana (D:9)
  9 orc wizards
  10 worker ants
  A big kobold zombie (Ossuary)
  3 hound skeletons
  4 mummies (Ossuary)
  A howler monkey skeleton (D:5)
  5 adders
  10 gnolls
  3 shadow imps
  3 adder zombies
  3 adder skeletons
  A dart slug (D:2)
  A fire bat (D:3)
  4 leopard geckos
  31 orcs
  8 bats
  2 bat skeletons (D:3)
  A bat zombie (D:3)
  3 giant cockroaches
  A gnoll zombie (Ossuary)
  2 goblins
  5 hobgoblins
  6 quokkas
  A ball python (D:5)
  A bat simulacrum (D:3)
  7 frilled lizards
  A hobgoblin zombie (Ossuary)
  A jackal skeleton (D:5)
  4 kobolds
  2 leopard gecko skeletons (D:5)
  4 rats
190 creatures vanquished.

Vanquished Creatures (collateral kills)
  A porcupine (D:8)
  A bullfrog (D:8)
  A wyvern skeleton (D:3)
  A wight (D:9)
  A howler monkey (D:5)
  A crimson imp (D:4)
  2 jellies
  A worker ant (D:3)
  4 mummies (Ossuary)
  3 adders
  An ooze (D:3)
  An adder zombie (D:6)
  A worm (D:3)
  2 fire bats (D:3)
  A leopard gecko (D:6)
  5 orcs
  2 spectral bats (D:3)
  5 bats
  A bat skeleton (D:3)
  2 gnoll zombies (Ossuary)
  A hobgoblin (D:3)
  A kobold (D:2)
  A kobold zombie (Ossuary)
  2 orc zombies (Ossuary)
42 creatures vanquished.

Vanquished Creatures (others)
  3 plants (D:9)
3 creatures vanquished.

Grand Total: 235 creatures vanquished

Notes
Turn   | Place    | Note
-------+----------+-------------------------------------------
     0 | D:1      | Folque the Octopode Wizard began the quest for the Orb.
     0 | D:1      | Reached XP level 1. HP: 11/11 MP: 4/4
   327 | D:1      | Reached skill level 1 in Fighting
   391 | D:1      | Reached XP level 2. HP: 18/18 MP: 6/6
   770 | D:1      | Learned a level 2 spell: Call Imp
   773 | D:1      | Learned a level 2 spell: Blink
  1056 | D:2      | Found a bloodstained altar of Trog.
  1218 | D:2      | Reached XP level 3. HP: 21/24 MP: 0/7
  1390 | D:2      | Learned a level 3 spell: Mephitic Cloud
  2095 | D:3      | Reached skill level 1 in Poison Magic
  2380 | D:3      | Reached XP level 4. HP: 22/29 MP: 3/9
  2618 | D:3      | Reached XP level 5. HP: 30/34 MP: 10/10
  3013 | D:3      | Reached skill level 2 in Conjurations
  3087 | D:3      | Reached XP level 6. HP: 35/39 MP: 8/12
  3179 | D:3      | Reached skill level 3 in Conjurations
  3534 | D:4      | Noticed Natasha
  3542 | D:4      | Killed Natasha
  3548 | D:4      | Reached skill level 4 in Conjurations
  3582 | D:4      | Noticed Natasha
  3600 | D:4      | Killed Natasha
  3743 | D:4      | Found an opulent altar of Gozag.
  3811 | D:4      | Found a sand-covered staircase.
  3836 | Ossuary  | Entered an ossuary
  3883 | Ossuary  | Reached XP level 7. HP: 45/45 MP: 6/13
  4740 | D:4      | Reached skill level 5 in Conjurations
  4818 | D:4      | Found an opulent altar of Gozag.
  4910 | D:4      | Found Xueffec's Antique Weapon Shoppe.
  5023 | D:4      | Noticed Natasha
  5027 | D:4      | Killed Natasha
  5247 | D:5      | Entered Level 5 of the Dungeon
  5258 | D:5      | Reached skill level 5 in Spellcasting
  5262 | D:5      | Noticed Eustachio
  5406 | D:5      | Killed Eustachio
  5406 | D:5      | Reached skill level 6 in Conjurations
  5406 | D:5      | Reached XP level 8. HP: 43/50 MP: 10/16
  5813 | D:5      | Reached skill level 7 in Conjurations
  6053 | D:5      | Found a staircase to the Ecumenical Temple.
  6063 | Temple   | Entered the Ecumenical Temple
  6177 | Temple   | Became a worshipper of Sif Muna the Loreminder
  7174 | D:6      | Reached skill level 8 in Conjurations
  7226 | D:6      | Found an iron altar of Okawaru.
  7437 | D:6      | Reached * piety under Sif Muna
  7437 | D:6      | Reached XP level 9. HP: 23/54 MP: 15/18
  7474 | D:6      | Noticed Grinder
  7484 | D:6      | Killed Grinder
  7516 | D:6      | Noticed a two-headed ogre
  8582 | D:6      | Reached skill level 9 in Conjurations
  8713 | D:6      | Found a burning altar of Makhleb.
  8832 | D:6      | Killed a two-headed ogre
  8832 | D:6      | Reached ** piety under Sif Muna
  8993 | D:6      | Found a glowing golden altar of the Shining One.
  9434 | D:7      | Found a radiant altar of Vehumet.
  9441 | D:7      | Reached skill level 10 in Conjurations
  9533 | D:7      | Found a glowing golden altar of the Shining One.
  9728 | D:7      | Reached XP level 10. HP: 63/63 MP: 11/21
  9925 | D:7      | Found a stormy altar of Qazlal.
 10205 | D:8      | Found a hide-covered altar of Uskayaw.
 10225 | D:8      | Found a shattered altar of Ashenzari.
 10271 | D:8      | Reached *** piety under Sif Muna
 10479 | D:9      | Reached skill level 11 in Conjurations
 10479 | D:9      | Reached skill level 1 in Invocations
 10558 | D:9      | Found a sparkling altar of Nemelex Xobeh.
 10561 | D:9      | Found Yhuseplyunu's Antique Weapon Boutique.
 10572 | D:9      | Found Xogip's Food Emporium.
 10588 | D:9      | Learned a level 6 spell: Deflect Missiles
 10643 | D:9      | Noticed Psyche
 10657 | D:9      | Killed Psyche
 10742 | D:9      | Reached skill level 1 in Charms
 10794 | D:9      | Reached skill level 1 in Air Magic
 10824 | D:9      | Slain by a porcupine

Skill      XL: |  1  2  3  4  5  6  7  8  9 10 |
---------------+-------------------------------+-----
Fighting       | 1 2 3 4 |  4.0
Poison Magic   | 1 2 3 |  3.2
Spellcasting   | 4 5 6 7 8 |  8.1
Conjurations   | 2 4 6 8 10 11 | 11.0
Summonings     | 2 3 |  3.0
Invocations    | 3 |  3.0
Charms         | 1 |  1.5
Air Magic      | 1 |  1.4
Dodging        | |  2.0
Stealth        | |  2.6
Translocations | |  1.0

Action                   |  1- 3 |  4- 6 |  7- 9 | 10-12 || total
-------------------------+-------+-------+-------+-------++-------
Melee: Dagger            |    72 |    99 |   116 |       ||   287
       Club              |     6 |       |       |       ||     6
       Constrict         |    19 |    24 |    81 |    26 ||   150
       Unarmed           |     5 |       |       |       ||     5
       Tentacles         |    11 |    18 |    59 |    15 ||   103
       Halberd           |       |       |    55 |       ||    55
       Long sword        |       |       |   126 |       ||   126
       Hand axe          |       |       |    21 |       ||    21
       War axe           |       |       |     8 |    87 ||    95
Throw: Throwing net      |       |       |       |     1 ||     1
 Cast: Call Imp          |     6 |    21 |    54 |    20 ||   101
       Mephitic Cloud    |     1 |     5 |    54 |    14 ||    74
       Magic Dart        |       |     7 |    80 |    16 ||   103
       Blink             |       |     1 |    20 |     4 ||    25
Evoke: Wand              |       |       |       |     3 ||     3
  Use: Scroll            |       |     7 |    12 |       ||    19
       Potion            |       |       |     3 |     1 ||     4
 Stab: Sleeping          |     8 |     3 |     3 |     2 ||    16
       Distracted        |       |     2 |     2 |     1 ||     5
       Confused          |       |     4 |    19 |     3 ||    26
  Eat: Chunk             |     3 |     7 |    13 |     3 ||    26
       Royal jelly       |       |       |     1 |       ||     1
       Bread ration      |       |       |     1 |       ||     1
Armor: Skin              |     9 |    14 |    24 |     9 ||    56
Dodge: Dodged            |    49 |    76 |   161 |    50 ||   336
       Rpst.: Long sword |       |       |    31 |       ||    31
